 Dungeon Crawl Stone Soup version 0.29.0-15-g675c0067aa (webtiles) character file.

Game seed: 549974091968060354

38 qw the Sneak (level 3, -1/23 HPs)
             Began as a Gargoyle Delver on Sept 11, 2022.
             Slain by a scorpion (3 damage)
             ... on level 5 of the Dungeon.
             The game lasted 00:00:09 (507 turns).

qw the Sneak (Gargoyle Delver)                       Turns: 507, Time: 00:00:09

Health: -1/23      AC:  6    Str: 17    XL:     3   Next: 43%
Magic:  3/3        EV: 11    Int: 10    God:
Gold:   46         SH:  0    Dex: 11    Spells: 2/2 levels left

rFire   . . .      SeeInvis .   Y - +0 hand axe
rCold   . . .      Faith    .   (no shield)
rNeg    + . .      Spirit   .   b - +0 leather armour
rPois   inf        Reflect  .   (no helmet)
rElec   +          Harm     .   (no cloak)
rCorr   .          Rampage  .   (no gloves)
Will    .....                   (no boots)
Stlth   +++.......              (no amulet)
HPRegen 0.07/turn               (no ring)
MPRegen 0.08/turn               (no ring)

@: no status effects
A: sickness immunity, AC +3, negative energy resistance 1, electricity
resistance, torment resistance 1, petrification resistance
a: no special abilities


You were on level 5 of the Dungeon.
You visited 1 branch of the dungeon, and saw 1 of its levels.

You collected 46 gold pieces.


Innate Abilities, Weirdness & Mutations

You are immune to sickness and miasma.
Your stone body is resilient. (AC +3)
You are immune to poison.
You resist negative energy. (rN+)
You are resistant to electric shocks. (rElec)
You are resistant to unholy torment.
You are immune to petrification.


   Skills:
 - Level 3.2 Fighting
 + Level 3.4 Axes
 - Level 1.5 Dodging
 - Level 5.4 Stealth


You had 2 spell levels left.
You didn't know any spells.
Your spell library was empty.

Inventory:

Hand Weapons
 Y - a +0 hand axe (weapon)
Armour
 b - a +0 leather armour (worn)
Wands
 g - a wand of digging (3)
Potions
 f - a potion of haste
 i - a potion of lignification {unknown}

Dungeon Overview and Level Annotations

Branches:
Dungeon (5/15)
 Temple: D:4-7

Altars:
Ru


Message History

The scorpion misses you.
You hit the scorpion but do no damage.
The scorpion is lightly wounded.
The scorpion stings you. The scorpion barely misses you.
You barely miss the scorpion.
The scorpion is lightly wounded.
The scorpion stings you.
You barely miss the scorpion.
The scorpion is lightly wounded.
The scorpion stings you.
You barely miss the scorpion.
The scorpion is lightly wounded.
The scorpion barely misses you. The scorpion stings you.
You closely miss the scorpion.
The scorpion is lightly wounded.
The scorpion barely misses you.
You completely miss the scorpion.
The scorpion is lightly wounded.
The scorpion stings you but does no damage.
You barely miss the scorpion.
The scorpion is lightly wounded.
The scorpion closely misses you. x2
You hit the scorpion.
You punch the scorpion, but do no damage.
The scorpion is moderately wounded.
The scorpion closely misses you.
You hit the scorpion.
The scorpion is moderately wounded.
The scorpion stings you but does no damage.
The scorpion stings you.
You hit the scorpion.
The scorpion is heavily wounded.
The scorpion misses you.
You barely miss the scorpion.
The scorpion is heavily wounded.
The scorpion barely misses you.
You closely miss the scorpion.
The scorpion is heavily wounded.
The scorpion closely misses you. The scorpion stings you.
You die...

#.####### #......$#
##. ........# ...
#.......## ####.##.
#........###.......
#........##.....#
#.....s..##?.#
#......@.##..#
########.##..#
>.[.........#
#..####.....#
####### ##### #....
.#.. ... ...


You could see a scorpion.

Vanquished Creatures
  A hound (D:5)
  An adder (D:5)
2 creatures vanquished.

Notes
Turn   | Place    | Note
-------+----------+-------------------------------------------
     0 | D:5      | qw the Gargoyle Delver began the quest for the Orb.
     0 | D:5      | Reached XP level 1. HP: 14/14 MP: 1/1
     0 | D:5      | 0 ||| qw: Version: 0.1-a-118-gb4e7ce6
     0 | D:5      | 0 ||| qw: Game counter: 10509
     0 | D:5      | 0 ||| qw: Always use a shield: true
     0 | D:5      | 0 ||| qw: God list: Okawaru
     0 | D:5      | 0 ||| qw: Allow faded altars: false
     0 | D:5      | 0 ||| qw: Do Orc after D:15 true
     0 | D:5      | 0 ||| qw: Do second Lair branch before Depths: true
     0 | D:5      | 0 ||| qw: Lair rune preference: random
     0 | D:5      | 0 ||| qw: Plans: Normal
     0 | D:5      | 0 ||| PLANNING D:1-11
    33 | D:5      | Found a sacrificial altar of Ru.
    46 | D:5      | Noticed a hound
    61 | D:5      | HP: 3/14 [hound (4)]
    63 | D:5      | Killed a hound
    64 | D:5      | Reached skill level 3 in Axes
    64 | D:5      | Reached XP level 2. HP: 3/19 MP: 2/2
    64 | D:5      | Reached XP level 3. HP: 4/23 MP: 3/3
   363 | D:5      | 363 ||| READING scroll labelled JADIWI INEIW.
   472 | D:5      | 472 ||| DROPPING scroll of fog.
   473 | D:5      | 473 ||| DROPPING scroll of magic mapping.
   474 | D:5      | 474 ||| DROPPING scroll of fear.
   482 | D:5      | 482 ||| READING scroll labelled EFESUA LAIDGH.
   483 | D:5      | Noticed a scorpion
   504 | D:5      | HP: 2/23 [scorpion (4)]
   507 | D:5      | Slain by a scorpion

Levels and vault maps discovered:
D:5:      layout_loops_cross, nicolae_overflow_crystal_walls

Skill      XL: |  1 |
---------------+----+-----
Axes           | 3 |  3.4
Fighting       | |  3.2
Dodging        | |  1.5
Stealth        | |  5.4

Action                   || total
-------------------------++-------
Melee: Hand axe          ||    35
       Punch             ||     1
  Use: Scroll            ||     2
Armor: Leather armour    ||    11
Dodge: Dodged            ||    25

Table legend:
 A = Non-vault XP
 B = Vault XP
 C = Vault XP percentage of total XP
 D = Non-vault monster count
 E = Vault monster count
 F = Vault count percentage of total count
                 A         B        C        D         E       F
            +---------+---------+-------+---------+---------+-------
      Total |      55 |       0 |   0.0 |       2 |       0 |   0.0
            +---------+---------+-------+---------+---------+-------
        D:5 |      55 |       0 |   0.0 |       2 |       0 |   0.0
            +---------+---------+-------+---------+---------+-------
